 Dungeon Crawl Stone Soup version 0.17-a0-2073-gde5cdba (webtiles) character file.

16 SlimeFever the Firebug (level 2, -1/19 HPs)
             Began as a Demonspawn Fire Elementalist on Oct 14, 2015.
             Slain by a giant gecko (4 damage)
             ... on level 1 of the Dungeon.
             The game lasted 00:04:03 (592 turns).

SlimeFever the Firebug (DsFE)                        Turns: 592, Time: 00:04:04

Health: -1/19      AC:  2    Str:  8    XL:     2   Next: 37%
Magic:  0/5        EV: 12    Int: 16    God:
Gold:   51         SH:  0    Dex: 13    Spells: 2 memorised, 2 levels left

rFire  . . .     SeeInvis .     (no weapon)
rCold  . . .     Clarity  .     a - +0 robe
rNeg   . . .     SustAt   .     (no shield)
rPois  .         Gourm    .     (no helmet)
rElec  .         Spirit   .     (no cloak)
rCorr  .         Warding  .     (no gloves)
rMut   .         Stasis   .     (no boots)
MR     .....                    (no amulet)
Stlth  ++........               (no ring)
                                (no ring)

@: not resistant to hostile enchantments, unstealthy
A: talons 1
a: no special abilities


You were on level 1 of the Dungeon.
You were not hungry.

You visited 1 branch of the dungeon, and saw 1 of its levels.

You collected 51 gold pieces.

Inventory:

Hand Weapons
 j - a +0 hunting sling
Missiles
 f - 16 arrows
 l - 3 javelins (quivered)
Armour
 a - a +0 robe (worn)
Scrolls
 e - a scroll of enchant armour {unknown}
 i - 2 scrolls of magic mapping {unknown}
 k - a scroll of identify {unknown}
Potions
 d - a potion of might {unknown}
 m - a potion of magic {unknown}
 n - a potion of curing {unknown}
Books
 b - a book of Flames

   Spells                             Type                      Level
   a - Flame Tongue                   Conjuration/Fire             1
   b - Throw Flame                    Conjuration/Fire             2
   c - Conjure Flame                  Conjuration/Fire             3
   d - Inner Flame                    Hexes/Fire                   3
   e - Sticky Flame                   Conjuration/Fire             4
   f - Fireball                       Conjuration/Fire             5
Comestibles
 c - a bread ration
 g - a meat ration
 h - a slice of pizza


   Skills:
 + Level 1.8 Dodging
 + Level 1.9 Stealth
 + Level 2.1 Spellcasting
 + Level 1.2 Conjurations
 * Level 3.1 Fire Magic


You had 2 spell levels left.
You knew the following spells:

 Your Spells              Type           Power        Failure   Level  Hunger
a - Flame Tongue          Conj/Fire      #....        10%         1    #......
b - Throw Flame           Conj/Fire      #.....       14%         2    ###....


Dungeon Overview and Level Annotations

Branches:
Dungeon (1/15)

Altars:


Innate Abilities, Weirdness & Mutations

You have sharp toenails.


Message History

Aim: a giant gecko (clinging)
The flame tongue misses the giant gecko.
Casting: Flame Tongue
Confirm with . or Enter, or press ? or * to list all spells.
Aiming: Flame Tongue
Press: ? - help, Shift-Dir - straight line, f/p - giant gecko
Aim: a giant gecko (clinging)
The flame tongue hits the giant gecko.
The giant gecko is lightly wounded.
Casting: Flame Tongue
Confirm with . or Enter, or press ? or * to list all spells.
Aiming: Flame Tongue
Press: ? - help, Shift-Dir - straight line, f/p - giant gecko
Aim: a giant gecko (lightly wounded)
The flame tongue hits the giant gecko.
The giant gecko is moderately wounded.
The giant gecko bites you.
* * * LOW HITPOINT WARNING * * *
The giant gecko bites you.
You die...

#.#+###'#...........####.##)##.#
#.≈#≈.#...........####.##.##.#
#.≈≈≈.#.......................
#.≈8≈.#...........####.##.##.#
#.....#...........####.##.##.#
#♣...♣#...........†..#........
#P♣.♣P########+###.#.#....#..#
##P.P## ###.###...........#
#P#<#P# ##.@..#..........)..
##.♣.## ##.l#....#..........(
#♣#♣# ###........†..........(
##.....†.....##.......##
####..##........##.......##
........###.#...##.......##
..............††##.......##
................##.......#
...............###.......#


You could see a giant gecko.

Vanquished Creatures
  A bat (D:1)
  A giant cockroach (D:1)
  6 giant newts (D:1)
  4 goblins (D:1)
  2 kobolds (D:1)
  3 rats (D:1)
17 creatures vanquished.

Vanquished Creatures (others)
  A plant (D:1)
1 creature vanquished.

Grand Total: 18 creatures vanquished

Notes
Turn   | Place    | Note
--------------------------------------------------------------
     0 | D:1      | SlimeFever the Demonspawn Fire Elementalist began the quest for the Orb.
     0 | D:1      | Reached XP level 1. HP: 13/13 MP: 3/3
   466 | D:1      | Gained mutation: You have sharp toenails. [demonic ancestry]
   466 | D:1      | Reached XP level 2. HP: 5/19 MP: 1/5
   492 | D:1      | Reached skill level 3 in Fire Magic
   531 | D:1      | Learned a level 2 spell: Throw Flame
   592 | D:1      | Slain by a giant gecko

Vault maps used:
D:1:      tarquinn_simple_flora_water_d, minmay_lizard_king

Action                   || total
-------------------------++-------
Melee: Unarmed           ||    18
 Cast: Flame Tongue      ||    27
